AoeStats
← Elmatigol

Arabia

510561905Analyzed
2v2 RM · 12h ago on Oct 1, 2026· 51m 54s· 4 players
Game mode
Random Map
Map size
Medium (4 player)
Population
200
Speed
Normal
Resources
Standard
Victory
Conquest
Starting age
Dark Age
Ending age
Imperial Age
RankedLock teamsTeams togetherTeam positionsShared explorationLock speedFull tech treeHidden civsTurbo modeCheats
Victory
Defeat
🇳🇴 Magyars · Norway
1008
+16
🇳🇴 Spanish · Norway
1005
+16
🇺🇾 Lithuanians · Uruguay
1011
-17
🇺🇾 Vietnamese · Uruguay
991
-15
Elmatigol
7:11 Loom
9:40 Feudal Age
10:32 Double-Bit Axe
14:29 Forging
16:16 Fletching
25:33 Horse Collar
29:22 Castle Age
29:03 Scale Barding Armor
32:40 Bloodlines
34:10 Elite Skirmisher
36:38 Bodkin Arrow
39:22 Padded Archer Armor
40:22 Bow Saw
40:45 Leather Archer Armor
48:24 Chain Barding Armor
51:43 Forging
Pietroski
0:31 Loom
11:01 Feudal Age
11:45 Double-Bit Axe
11:43 Horse Collar
11:51 Town Watch
21:10 Castle Age
19:20 Stone Mining
21:33 Scale Mail Armor
21:44 Forging
21:57 Squires
21:24 Pikeman
23:56 Iron Casting
24:06 Wheelbarrow
24:13 Scale Barding Armor
26:22 Bloodlines
27:12 Gold Mining
29:00 Fletching
29:10 Padded Archer Armor
29:29 Elite Skirmisher
31:29 Leather Archer Armor
32:25 Heavy Plow
32:39 Bow Saw
34:08 Bodkin Arrow
34:37 Ballistics
39:52 Imperial Age
37:42 Hand Cart
41:36 Chemistry
40:43 Bracer
41:14 Ring Archer Armor
40:34 Imperial Skirmisher
dag_arne
10:30 Feudal Age
10:26 Loom
11:49 Double-Bit Axe
12:42 Wheelbarrow
13:00 Town Watch
18:00 Fletching
20:07 Forging
20:03 Scale Barding Armor
23:51 Castle Age
25:06 Bow Saw
25:57 Hand Cart
25:56 Husbandry
26:00 Bodkin Arrow
28:26 Town Patrol
30:53 Ballistics
31:19 Iron Casting
31:05 Chain Barding Armor
39:03 Imperial Age
38:37 Caravan
42:28 Bloodlines
41:40 Light Cavalry
44:41 Two-Man Saw
45:39 Blast Furnace
45:15 Plate Barding Armor
44:41 Bracer
44:42 Padded Archer Armor
45:50 Chemistry
45:35 Hussar
48:57 Elite Conquistador
Krypto
7:03 Loom
9:10 Feudal Age
9:45 Double-Bit Axe
22:21 Wheelbarrow
23:20 Gold Mining
25:55 Castle Age
24:46 Bloodlines
24:57 Horse Collar
26:59 Bow Saw
27:07 Hand Cart
26:48 Fletching
28:13 Bodkin Arrow
29:45 Padded Archer Armor
30:53 Leather Archer Armor
32:08 Thumb Ring
33:02 Ballistics
39:12 Imperial Age
38:02 Scale Barding Armor
39:49 Heavy Cavalry Archer
40:31 Bracer
41:53 Conscription
45:05 Recurve Bow
44:53 Town Watch
46:53 Chain Barding Armor
47:39 Town Watch
48:04 Light Cavalry
48:45 Husbandry
49:25 Hussar
50:49 Parthian Tactics
52:10 Plate Barding Armor
52:06 Ring Archer Armor
Connection lost

Rejoining the realm…

Still unreachable

The connection could not be restored.

Session expired

The server has moved on; the page needs a fresh start.